 Dungeon Crawl Stone Soup version 0.30.0 (webtiles) character file.

Game seed: 11978184970056787401

249 uncreativemoon the Cudgeller (level 5, 0/47 HPs)
             Began as a Minotaur Berserker on Oct 14, 2023.
             Was a Believer of Trog.
             Slain by an orc wizard
             ... wielding a +0 dagger
              (2 damage)
             ... on level 5 of the Dungeon on Oct 15, 2023.
             The game lasted 00:17:48 (2697 turns).

uncreativemoon the Cudgeller (Minotaur Berserker)   Turns: 2697, Time: 00:17:49

Health: 0/47       AC:  8    Str: 24    XL:     5   Next: 86%
Magic:  4/4        EV: 11    Int:  4    God:    Trog [**....]
Gold:   97         SH:  0    Dex:  9    Spells: 4/4 levels left

rFire   . . .        j - +0 mace (holy)
rCold   . . .        (no shield)
rNeg    . . .        n - +3 ring mail
rPois   .            (helmet restricted)
rElec   .            (no cloak)
rCorr   .            (no gloves)
SInv    .            (no boots)
Will    .....        (no amulet)
Stlth   +            (no ring)
HPRegen 0.27/turn    (no ring)
MPRegen 0.09/turn

%: no passive effects
@: no status effects
A: horns 2, retaliatory headbutt
a: Renounce Religion, Berserk, Trog's Hand


You were on level 5 of the Dungeon.
You worshipped Trog.
Trog was pleased with you.
You visited 1 branch of the dungeon, and saw 5 of its levels.

You collected 97 gold pieces.

Inventory:

Hand Weapons
 a - a +0 mace
 f - a +0 short sword
 h - a +0 glaive
 j - a +0 mace of holy wrath (weapon)
Missiles
 c - a throwing net (quivered)
 i - 31 stones
Armour
 b - a +0 animal skin
 d - a +0 robe
 g - a +0 leather armour
 n - a +3 ring mail (worn)
Scrolls
 e - 3 scrolls of identify
 k - a scroll of acquirement {unknown}
 m - 2 scrolls of magic mapping {unknown}
Potions
 l - a potion of degeneration {unknown}
 o - a potion of might {unknown}


   Skills:
 + Level 4.9 Fighting
 + Level 6.0 Maces & Flails
 + Level 3.7 Armour
 + Level 3.0 Dodging
 + Level 0.8 Stealth


You had 4 spell levels left.
You didn't know any spells.
Your spell library contained the following spells:

 Spells                   Type           Power      Damage    Failure   Level
 Borgnjor's Revivificati  Necr           0%         N/A       100%        8
 Necromutation            Tmut/Necr      0%         N/A       100%        8
 Death's Door             Necr           0%         N/A       100%        9


Dungeon Overview and Level Annotations

Branches:
Dungeon (5/15)
 Temple: D:4-7

Altars:


Innate Abilities, Weirdness & Mutations

You have a pair of horns on your head.
You reflexively headbutt those who attack you in melee.


Message History

You resist with some effort.
The orc wizard hits you with a +0 dagger.
Something hits you.
You hit the orc wizard.
The orc wizard is moderately wounded.
The orc hits you but does no damage.
The orc wizard hits you but does no damage. x2
You hear some strange, mumbled words.
A magic dart appears from out of thin air!
The magic dart hits you!
* * * LOW HITPOINT WARNING * * *
The orc barely misses you. The orc wizard barely misses you.
The orc barely misses you. You furiously retaliate!
You headbutt the orc. You barely miss the orc.
The orc is moderately wounded.
You hear some strange, mumbled words.
Something tries to affect you, but you resist.
You hit the orc wizard but do no damage.
Your headbutt misses the orc wizard.
The orc wizard is moderately wounded.
The orc wizard closely misses you.
The orc wizard hits you but does no damage.
You hit the orc wizard but do no damage.
You headbutt the orc wizard!
The orc wizard is almost dead.
The orc wizard hits you with a +0 dagger.
* * * LOW HITPOINT WARNING * * *
Something hits you.
* * * LOW HITPOINT WARNING * * *
The orc hits you with a +0 short sword.
* * * LOW HITPOINT WARNING * * *
The orc wizard hits you with a +0 dagger.
* * * LOW HITPOINT WARNING * * *
You hit the orc wizard but do no damage.
Your headbutt misses the orc wizard. The orc wizard misses you.
You furiously retaliate!
You headbutt the orc wizard. Something hits you but does no damage.
The orc barely misses you.
The orc wizard hits you with a +0 dagger.
You die...

...≈~..~..
#..~≈[~~.
#~~~~~...
#..~~..~#####
#~.~~.......#
#.~~......)<#
#.~~~~)...).#
##.~$.o{....#
....≈≈~o@o...#
###.≈≈.......#
##≈≈#......#
#≈######### #≈
#


You could see 2 orc wizards and an orc.

Vanquished Creatures
  A phantom (D:5)
  A scorpion (D:3)
  An orc priest (D:5)
  3 adders
  A worm (D:3)
  2 dart slugs (D:3)
  4 orcs
  4 endoplasms
  4 giant cockroaches
  4 goblins
  2 hobgoblins
  2 jackals (D:1)
  6 quokkas
  4 ball pythons
  3 bats
  6 frilled lizards
  2 kobolds
  3 rats
53 creatures vanquished.

Notes
Turn   | Place    | Note
-------+----------+-------------------------------------------
     0 | D:1      | uncreativemoon the Minotaur Berserker began the quest for
                  | the Orb.
     0 | D:1      | Reached XP level 1. HP: 19/19 MP: 0/0
   377 | D:1      | Reached XP level 2. HP: 15/27 MP: 1/1
   440 | D:1      | Reached skill level 4 in Maces & Flails
   771 | D:1      | You fall into a shaft and drop 1 floor!
   999 | D:2      | Reached ** piety under Trog
  1000 | D:2      | Reached XP level 3. HP: 15/33 MP: 2/2
  1893 | D:3      | Noticed a scorpion
  1904 | D:3      | Killed a scorpion
  1905 | D:3      | Reached skill level 5 in Maces & Flails
  1905 | D:3      | Reached XP level 4. HP: 14/41 MP: 3/3
  2600 | D:3      | Reached XP level 5. HP: 35/47 MP: 4/4
  2674 | D:5      | Entered Level 5 of the Dungeon
  2677 | D:5      | Noticed a phantom
  2685 | D:5      | Killed a phantom
  2691 | D:5      | Reached skill level 6 in Maces & Flails
  2696 | D:5      | HP: 2/47 [orc wizard/+0 dagger (4)]
  2697 | D:5      | Slain by an orc wizard

Illustrated notes

Levels and vault maps discovered:
D:1:      erik_arrival_cave_to_civilisation [erik_arrival_cave_to_hall],
          layout_basic
D:2:      layout_basic, shapermc_ecumenical_altar_petra
D:3:      layout_rooms, kennysheep_boxes
D:4:      layout_basic, serial_rivers, chequers_serial_rivers_marsh,
          chequers_serial_rivers_marsh, chequers_serial_rivers_marsh,
          chequers_serial_rivers_room_a, chequers_serial_rivers_micro_c,
          chequers_serial_rivers_small_b, minmay_box_of_dots,
          uniq_crazy_yiuf_cottage, uniq_pikel, uniq_robin
D:5:      layout_basic, mainiacjoe_overflow_alcove_2, old_standard_altar,
          minmay_temple_entry_wispy, serial_rivers,
          chequers_serial_rivers_small_3, chequers_serial_rivers_room_b,
          chequers_serial_rivers_micro_c, chequers_serial_rivers_micro_c,
          chequers_serial_rivers_micro_a, chequers_serial_rivers_micro_e

Skill      XL: |  1  2  3  4  5 |
---------------+----------------+-----
Fighting       | 4 |  4.9
Maces & Flails | 4 5 6 |  6.0
Armour         | 3 |  3.7
Dodging        | 3 |  3.0
Stealth        | |  0.8

Action                     |  1- 3 |  4- 6 || total
---------------------------+-------+-------++-------
  Melee: Mace              |    80 |    32 ||   112
         Glaive            |     5 |       ||     5
         Headbutt          |     7 |     7 ||    14
    Use: Scroll            |     2 |       ||     2
 Armour: Leather armour    |    14 |     4 ||    18
         Robe              |     2 |       ||     2
         Ring mail         |       |    13 ||    13
  Dodge: Dodged            |    68 |    22 ||    90
